Description

just for me

Build Order

Why is there no SALT encoding or Overwolf build?

    0:17  Pylon  Above first ramp or equivalent
    0:38  Action  Chrono boost nexus
    0:39  Gateway  Use new probe
    0:40  Action  Scout with probe
    0:47  Assimilator x2  Fill when minerals are saturated, check time later
    1:07  Pylon  Behind first nexus mineral line
    1:32  Gateway  
    1:34  Cybernetics Core  
    1:50  Pylon  Near assimilator
    2:11  Stalker  
    2:13  Warp Gate  
    2:20  Sentry  
    2:26  Nexus  
    2:27  Action  Start making probes again and chrono boost
    2:35  Pylon  Behind natural mineral line
    2:55  Shield Battery  OPTIONAL, behind mineral line
    2:56  Stalker  Keep making stalkers while having enough money to continue probe production
    3:20  Robotics Facility  
    3:21  Action  Keep chronoing nexus
    3:51  Shield Battery  OPTIONAL, behind natural mineral line
    3:58  Phoenix  Hallucinated with sentry, send to scout enemy
    4:07  Observer  
    4:10  Pylon  Near natural
    4:15  Action  Check on phoenix
    4:30  Assimilator x2  
    4:42  Immortal  
    4:45  Robotics Bay  
    4:47  Pylon  
    5:02  Gateway  
    5:07  Gateway  
    5:22  Pylon x3  Near base walls
    5:32  Phoenix  If still have sentry, hallucinate then scout expansions then main
    5:43  Extended Thermal Lance  
    5:44  Colossus  Keep making colossus
    5:48  Forge  
    6:06  Action  Chrono boost colossus upgrade + colossus
    6:08  Nexus  
    6:09  Pylon  
    6:22  Protoss Ground Weapons Level 1  
    6:24  Action  Start chrono boosting upgrades
    7:00  Action  OPTIONAL, At two colossus, attack
    7:16  Pylon x2  
    7:25  Twilight Council  
    7:26  Gateway x2  
      Nexus  When third saturated
      Action  At ~75 probes, stop
      Charge  
  120    Zealot  
      Templar Archives  
Spawning Tool Build Advisor. Get it on Overwolf

Go to:

Details

  • Created by: FearOfTheNis
  • Published on: Jan 25, 2019
  • Modified on: Jan 25, 2019
  • Patch: 4.7.1
Show

Export as new Build Order

Comments (0)

There are no comments. Be the first!

Create an account to comment!